Map: Dusk Towers

Players

Toons

  • Race: Protoss Protoss
  • League: Gold

TheHobbit - Winner!

  • Race: Protoss Protoss
  • League: Platinum

VOD

Have the link to the VOD?

Description

Time

  • Played on: Jan. 26, 2016, 3:18 a.m.
  • Length: 4:51
Show
View Real Time Build Order
Export as new Build Order

Toons Protoss 

Build Orders: 1 Gate Expand 

Get SALT Encoding   

  12  0:01  Probe (Chrono Boost)  
  13  0:12  Probe (Chrono Boost)  
  14  0:18  Pylon  
  14  0:23  Probe (Chrono Boost)  
  15  0:37  Probe (Chrono Boost)  
  16  0:47  Assimilator, Probe (Chrono Boost)  
  16  0:49  Gateway  
  17  0:58  Probe (Chrono Boost)  
  18  1:08  Probe (Chrono Boost)  
  19  1:19  Probe (Chrono Boost)  
  20  1:29  Probe (Chrono Boost)  
  21  1:36  Nexus  
  21  1:40  Probe (Chrono Boost)  
  22  1:49  Cybernetics Core  
  22  1:52  Probe (Chrono Boost)  
  23  1:57  Pylon  
  23  2:08  Assimilator  
  23  2:11  Pylon  
  23  2:16  Probe (Chrono Boost)  
  24  2:26  Probe (Chrono Boost)  
  24  2:28  Warp Gate  
  24  2:29  Adept  
  28  2:37  Probe (Chrono Boost)  
  28  2:47  Gateway  
  28  2:49  Probe (Chrono Boost)  
  28  2:50  Probe (Chrono Boost)  
  30  2:58  Adept  
  31  3:00  Mothership Core (Chrono Boost)  
  31  3:01  Probe (Chrono Boost)  
  34  3:15  Twilight Council  
  34  3:17  Probe (Chrono Boost)  
  35  3:20  Assimilator  
  35  3:23  Assimilator  
  35  3:27  Adept  
  37  3:29  Probe x2 (Chrono Boost)  
  37  3:32  Gateway  
  39  3:35  Pylon  
  39  3:41  Probe x2 (Chrono Boost)  
  39  3:58  Probe (Chrono Boost)  
  37  4:09  Probe (Chrono Boost)  
  37  4:16  Robotics Facility  
  37  4:19  Pylon, Probe (Chrono Boost)  
  38  4:28  Probe (Chrono Boost)  
  38  4:30  Probe (Chrono Boost)  
  40  4:35  Gateway  
  40  4:36  Gateway  
Show
View Real Time Build Order
Export as new Build Order

TheHobbit Protoss - Winner!

Build Orders: 1 Gate Expand 

Get SALT Encoding   

  12  0:01  Probe (Chrono Boost)  
  13  0:12  Probe (Chrono Boost)  
  14  0:22  Pylon, Probe (Chrono Boost)  
  15  0:40  Gateway, Probe (Chrono Boost)  
  16  0:43  Assimilator  
  16  0:51  Probe (Chrono Boost)  
  17  1:01  Probe (Chrono Boost)  
  18  1:12  Probe (Chrono Boost)  
  19  1:21  Nexus  
  19  1:32  Cybernetics Core  
  19  1:36  Probe (Chrono Boost)  
  20  1:45  Assimilator  
  21  1:47  Probe (Chrono Boost)  
  21  1:54  Pylon  
  21  1:57  Probe (Chrono Boost)  
  22  2:08  Probe (Chrono Boost)  
  23  2:11  Warp Gate  
  23  2:12  Adept  
  25  2:18  Probe (Chrono Boost)  
  26  2:29  Probe (Chrono Boost)  
  27  2:36  Robotics Facility  
  27  2:42  Adept  
  29  2:55  Probe x2 (Chrono Boost)  
  31  3:07  Gateway  
  31  3:09  Gateway  
  31  3:13  Pylon  
  31  3:14  Stalker  
  33  3:20  Probe x2 (Chrono Boost)  
  35  3:29  Warp Prism  
  35  3:32  Probe (Chrono Boost)  
  39  3:34  Probe (Chrono Boost)  
  39  3:46  Probe x2 (Chrono Boost)  
  37  4:16  Gateway  
  39  4:17  Probe x2 (Chrono Boost)  
  43  4:25  Adept  
  43  4:27  Adept x2  
  49  4:34  Probe (Chrono Boost)  
  49  4:35  Probe (Chrono Boost)  
  51  4:38  Pylon  
  51  4:43  Twilight Council  
Tags
 
Add a new tag
Caveats
  • Supply blocks, unpowered buildings, or Contaminate may cause inaccurate times.
  • Supply counts are checked every 10 seconds.